AoeStats
← 一兵不出真君

Arabia

505158312Analyzed
1v1 RM · 25d ago on Sep 8, 2026· 33m 32s· 2 players
Game mode
Random Map
Map size
Tiny (2 player)
Population
200
Speed
Normal
Resources
Standard
Victory
Conquest
Starting age
Dark Age
Ending age
Imperial Age
RankedLock teamsTeams togetherTeam positionsShared explorationLock speedFull tech treeHidden civsTurbo modeCheats
Victory
Defeat
🇺🇸 Bohemians · United States
1800
+20
🇨🇳 Slavs · China
1894
-20
snowshawnskate
8:21 Loom
10:27 Feudal Age
14:07 Castle Age
14:08 Double-Bit Axe
16:41 Chemistry
21:35 Padded Archer Armor
23:58 Horse Collar
27:27 Leather Archer Armor
28:10 Fletching
32:45 Fervor
32:56 Sanctity
32:56 Bodkin Arrow
一兵不出真君
6:24 Loom
8:38 Feudal Age
9:29 Double-Bit Axe
10:12 Horse Collar
15:19 Wheelbarrow
18:02 Castle Age
19:40 Elite Skirmisher
20:33 Fletching
21:12 Bodkin Arrow
22:40 Padded Archer Armor
25:39 Ballistics
28:01 Leather Archer Armor
30:51 Crossbowman
35:09 Imperial Age
Connection lost

Rejoining the realm…

Still unreachable

The connection could not be restored.

Session expired

The server has moved on; the page needs a fresh start.